 Dungeon Crawl Stone Soup version 0.30.1 (webtiles) character file.

Game seed: 16405970303751142070

116 ANNNA the Conjurer (level 5, -28/28 HPs)
             Began as a Kobold Conjurer on July 6, 2023.
             Killed by an exploding goblin (37 damage)
             ... ignited by their inner flame
             ... on level 2 of the Dungeon.
             The game lasted 00:06:30 (2852 turns).

ANNNA the Conjurer (Kobold Conjurer)                Turns: 2852, Time: 00:06:32

Health: -28/28     AC:  2    Str:  5 (6)  XL:     5   Next: 20%
Magic:  2/9        EV: 14    Int: 16 (19) God:
Gold:   187        SH:  0    Dex: 11 (14) Spells: 6/9 levels left

rFire   . . .        i - +0 short sword
rCold   . . .        (no shield)
rNeg    . . .        a - +0 robe
rPois   .            (no helmet)
rElec   .            (no cloak)
rCorr   .            (no gloves)
SInv    .            (no boots)
Will    .....        (no amulet)
Stlth   +++          (no ring)
HPRegen 0.24/turn    (no ring)
MPRegen 0.11/turn

%: no passive effects
@: mighty, attractive, flying
A: small, no large weapons, nightstalker 3
a: no special abilities


You were on level 2 of the Dungeon.
You visited 1 branch of the dungeon, and saw 3 of its levels.

You collected 187 gold pieces.

Inventory:

Hand Weapons
 i - a +0 short sword (weapon)
Missiles
 d - 5 atropa-tipped darts
 f - 18 stones (quivered)
Armour
 a - a +0 robe (worn)
Scrolls
 h - a scroll of poison
 n - a scroll of noise {unknown}
 o - a scroll of teleportation {unknown}
 p - a scroll of brand weapon {unknown}
Potions
 b - a potion of magic
 e - 2 potions of flight


   Skills:
 + Level 0.1 Fighting
 * Level 1.2 Short Blades
 * Level 2.8 Dodging
 * Level 4.1 Stealth
 + Level 0.2 Unarmed Combat
 * Level 2.7 Spellcasting
 + Level 5.0 Conjurations


You had 6 spell levels left.
You knew the following spells:

 Your Spells              Type           Power      Damage    Failure   Level
a - Magic Dart            Conj           72%        1d6       2%          1
b - Searing Ray           Conj           36%        2d5       3%          2

Your spell library contained the following spells:

 Spells                   Type           Power      Damage    Failure   Level
 Dazzling Flash           Conj/Hex       20%        N/A       21%         3
 Fulminant Prism          Conj/Hex       5%         3d7       56%         4
 Iskenderun's Mystic Bla  Conj/Tloc      10%        2d4       56%         4


Dungeon Overview and Level Annotations

Branches:
Dungeon (3/15)

Altars:


Innate Abilities, Weirdness & Mutations

You are small and have problems with some larger weapons.
You are completely attuned to the shadows.


Message History

You hit Robin.
You kill Robin!
The goblin closely misses you. The goblin hits you with a +0 club.
The goblin hits you with a +0 club.
* * * LOW HITPOINT WARNING * * *
Items here: ) [[ †.
The goblin attacks as you move away! The goblin barely misses you.
The air fills with toxic fumes!
As you read the scroll labelled BENO GEXZYLL, it crumbles to dust.
It was a scroll of poison.
The goblin barely misses you.
As you read the scroll labelled POADET LAOJU, it crumbles to dust.
The creatures around you are filled with an inner flame!
It was a scroll of immolation.
The goblin barely misses you.
It was a potion of flight.
You feel very buoyant.
You fly up into the air.
The goblin closely misses you.
It was a potion of degeneration.
There was something very wrong with that liquid.
You feel weakened.
You feel dopey.
You feel clumsy. The goblin barely misses you.
It was a potion of attraction.
You feel attractive to monsters. The goblin completely misses you.
It was a potion of might.
You feel very mighty all of a sudden. The goblin hits you but does no damage.
It was a potion of curing.
You feel better. The goblin barely misses you.
As you read the scroll labelled KALOENI LIER, it crumbles to dust.
Your body is wracked with pain!
The goblin convulses!
Flame seeps out of the goblin.
The goblin convulses!
Flame seeps out of the goblin.
The goblin convulses!
Flame seeps out of the goblin.
It was a scroll of torment.
The goblin no longer looks unusually strong.
The goblin is engulfed in blazing flames.
The goblin explodes!
The fiery explosion engulfs the frilled lizard!!!
The fiery explosion engulfs the goblin!!
The fiery explosion engulfs you!!!
Ouch! That really hurt!
You die...

#.####.#
#####.#.########
#......# #.###
######## #.# #.# #.#
######### #.#
#.....§§# #.#
#.#####§####.# #.#
##@☼§##.##
#.####○###§○..#
#.##☼§○# #....########
#
#.##☼#g###...........#
#
#.##☼##........#####.#
# #.##.##.###...## #.#
# #.......# ##.## #.#
# #####.##### #.# #.#
##### ##.........# #.#
#.#


You could see a goblin (inner flame, strong).

Vanquished Creatures
  Jessica (D:2)
  Robin (D:2)
  3 adders (D:2)
  A worm (D:2)
  A dart slug (D:2)
  5 endoplasms
  3 giant cockroaches
  4 goblins
  6 hobgoblins
  2 quokkas (D:1)
  6 ball pythons
  5 bats
  3 frilled lizards
  4 kobolds
  6 rats
51 creatures vanquished.

Notes
Turn   | Place    | Note
-------+----------+-------------------------------------------
     0 | D:1      | ANNNA the Kobold Conjurer began the quest for the Orb.
     0 | D:1      | Reached XP level 1. HP: 10/10 MP: 3/3
   222 | D:1      | Reached XP level 2. HP: 15/15 MP: 5/5
   228 | D:1      | Learned a level 2 spell: Searing Ray
   578 | D:1      | Reached XP level 3. HP: 19/19 MP: 4/6
  1584 | D:2      | Reached XP level 4. HP: 12/24 MP: 0/7
  2007 | D:2      | Noticed Jessica
  2010 | D:2      | Killed Jessica
  2011 | D:2      | Reached skill level 1 in Short Blades
  2119 | D:2      | Reached skill level 5 in Conjurations
  2222 | D:2      | Reached XP level 5. HP: 28/28 MP: 8/8
  2832 | D:3      | Noticed Robin
  2842 | D:2      | Killed Robin
  2852 | D:2      | Killed by an exploding goblin... ignited by their inner
                  | flame

Illustrated notes

Levels and vault maps discovered:
D:1:      matt_arrival_refuge, layout_basic, minmay_tall_x
D:2:      layout_loops_corners, hex_tiny, uniq_jessica
D:3:      layout_loops_ring, pf_just_have_faith, minmay_joined_circles,
          uniq_robin, uniq_ijyb

Skill      XL: |  1  2  3  4  5 |
---------------+----------------+-----
Stealth        | 3 4 |  4.1
Short Blades   | 1 |  1.2
Conjurations   | 5 |  5.0
Fighting       | |  0.1
Dodging        | |  2.8
Unarmed Combat | |  0.2
Spellcasting   | |  2.7

Action                     |  1- 3 |  4- 6 || total
---------------------------+-------+-------++-------
  Melee: Unarmed           |     3 |       ||     3
         Short sword       |    27 |    19 ||    46
   Cast: Magic Dart        |    48 |    12 ||    60
         Searing Ray       |     1 |     6 ||     7
    Use: Potion            |       |     5 ||     5
         Scroll            |       |     3 ||     3
   Stab: Sleeping          |     5 |     4 ||     9
 Armour: Robe              |     5 |     4 ||     9
  Dodge: Dodged            |    40 |    30 ||    70
